Map: Orbital Shipyard

Players

Probe

  • Race: Protoss Protoss

PartinG - Winner!

  • Race: Protoss Protoss

Event: DreamHack ROCCAT LotV Championship

VOD

Have the link to the VOD?

Description

Time

  • Played on: Nov. 26, 2015, 5:46 a.m.
  • Length: 7:33

All games in this series

Show
View Real Time Build Order
Export as new Build Order

Probe Protoss 

Build Orders: Blink Stalkers 

Get SALT Encoding   

  12  0:01  Probe (Chrono Boost)  
  13  0:16  Pylon  
  13  0:18  Probe (Chrono Boost)  
  15  0:28  Probe (Chrono Boost)  
  15  0:39  Gateway, Probe (Chrono Boost)  
  16  0:47  Assimilator  
  16  0:50  Probe (Chrono Boost)  
  17  1:01  Probe (Chrono Boost)  
  19  1:11  Probe (Chrono Boost)  
  19  1:28  Cybernetics Core  
  19  1:30  Probe (Chrono Boost)  
  19  1:31  Assimilator  
  20  1:34  Zealot  
  20  1:35  Pylon  
  22  1:40  Probe (Chrono Boost)  
  23  1:53  Probe (Chrono Boost)  
  24  2:03  Probe (Chrono Boost)  
  24  2:05  Pylon  
  24  2:06  Adept  
  27  2:11  Warp Gate  
  27  2:14  Mothership Core (Chrono Boost)  
  29  2:33  Nexus  
  29  2:42  Probe (Chrono Boost)  
  30  2:48  Twilight Council  
  30  2:53  Probe (Chrono Boost), Pylon  
  31  3:11  Probe (Chrono Boost)  
  32  3:22  Probe (Chrono Boost)  
  33  3:28  Blink (Chrono Boost)  
  33  3:33  Probe  
  34  3:40  Gateway  
  32  3:42  Gateway  
  32  3:45  Probe  
  32  3:47  Probe  
  34  3:57  Probe  
  34  4:00  Robotics Facility  
  34  4:01  Pylon  
  34  4:02  Probe  
  35  4:09  Probe  
  37  4:12  Probe  
  38  4:20  Templar Archives  
  38  4:21  Probe  
  38  4:23  Probe  
  39  4:30  Assimilator  
  40  4:33  Probe x2  
  40  4:35  Assimilator  
  42  4:43  Warp Prism (Chrono Boost)  
  42  4:45  Probe  
  42  4:46  Probe  
  42  4:48  Pylon  
  42  4:51  Stalker  
  48  4:55  Psionic Storm  
  48  5:00  Probe x2  
  50  5:10  Stalker  
  50  5:12  Probe  
  53  5:15  Probe  
  53  5:17  Observer, Pylon  
  55  5:23  Stalker  
  55  5:24  Stalker  
  59  5:28  Probe  
  59  5:35  High Templar  
  62  5:47  High Templar  
  64  5:54  Nexus  
  64  5:59  Probe x2 (Chrono Boost)  
  64  6:00  Stalker  
  64  6:01  Pylon  
  64  6:03  Pylon  
  68  6:05  Pylon  
  68  6:07  Pylon  
  67  6:20  Immortal (Chrono Boost)  
  67  6:23  Stalker  
  67  6:24  Stalker  
  75  6:42  Gateway  
  75  6:45  Stalker, Gateway  
  75  6:52  Stalker x2  
  80  6:54  Observer (Chrono Boost)  
  77  7:20  Gateway  
  77  7:21  Gateway  
Show
View Real Time Build Order
Export as new Build Order

PartinG Protoss - Winner!

Build Orders: Nexus First, Blink Stalkers 

Get SALT Encoding   

  12  0:00  Probe (Chrono Boost)  
  13  0:11  Probe (Chrono Boost)  
  14  0:20  Pylon  
  14  0:22  Probe (Chrono Boost)  
  15  0:38  Probe (Chrono Boost)  
  16  0:49  Probe (Chrono Boost)  
  17  0:59  Nexus  
  17  1:10  Gateway  
  17  1:14  Probe (Chrono Boost)  
  18  1:21  Assimilator  
  18  1:26  Pylon  
  18  1:30  Assimilator  
  18  1:34  Probe (Chrono Boost)  
  19  1:44  Probe (Chrono Boost)  
  20  1:55  Probe (Chrono Boost)  
  20  1:58  Cybernetics Core  
  21  2:05  Probe (Chrono Boost)  
  22  2:13  Probe (Chrono Boost)  
  23  2:16  Probe (Chrono Boost)  
  24  2:24  Probe (Chrono Boost)  
  24  2:26  Probe (Chrono Boost)  
  26  2:32  Stalker (Chrono Boost)  
  26  2:34  Probe (Chrono Boost)  
  26  2:36  Warp Gate  
  29  2:37  Probe (Chrono Boost)  
  30  2:47  Probe (Chrono Boost)  
  30  2:48  Mothership Core (Chrono Boost)  
  30  2:50  Pylon  
  32  3:02  Twilight Council  
  32  3:03  Probe (Chrono Boost)  
  33  3:06  Probe (Chrono Boost)  
  34  3:13  Pylon  
  34  3:17  Probe (Chrono Boost)  
  34  3:18  Stalker  
  34  3:19  Probe (Chrono Boost)  
  38  3:28  Probe (Chrono Boost)  
  38  3:29  Probe (Chrono Boost)  
  38  3:32  Blink (Chrono Boost)  
  40  3:39  Probe (Chrono Boost)  
  40  3:41  Probe  
  42  3:49  Robotics Facility  
  42  3:53  Probe  
  42  3:55  Probe  
  44  3:56  Stalker  
  46  4:03  Probe  
  46  4:07  Probe  
  48  4:14  Nexus  
  48  4:17  Pylon  
  48  4:18  Probe  
  48  4:20  Probe  
  50  4:24  Pylon  
  50  4:33  Gateway  
  50  4:37  Observer (Chrono Boost)  
  50  4:38  Gateway, Assimilator  
  51  4:39  Assimilator  
  51  4:40  Probe  
  51  4:42  Probe  
  53  4:46  Stalker  
  53  4:49  Pylon  
  55  4:54  Pylon  
  55  4:58  Observer (Chrono Boost)  
  56  5:02  Gateway  
  56  5:07  Gateway  
  56  5:08  Gateway  
  56  5:16  Stalker  
  56  5:18  Probe x2 (Chrono Boost), Pylon  
  60  5:22  Observer (Chrono Boost)  
  60  5:26  Probe (Chrono Boost)  
  62  5:30  Probe (Chrono Boost)  
  62  5:32  Probe (Chrono Boost)  
  62  5:34  Pylon  
  62  5:35  Stalker x2  
  66  5:37  Warp Prism  
  70  5:44  Probe (Chrono Boost)  
  70  5:46  Probe x2 (Chrono Boost)  
  73  5:50  Pylon  
  73  5:53  Stalker  
  75  5:58  Stalker  
  75  6:00  Stalker  
  79  6:04  Stalker  
  79  6:06  Stalker  
  79  6:10  Stalker  
  85  6:12  Probe (Chrono Boost)  
  85  6:14  Probe (Chrono Boost)  
  85  6:15  Probe (Chrono Boost)  
  85  6:18  Stalker  
  90  6:23  Stalker  
  90  6:24  Stalker  
  94  6:33  Adept x2  
  96  6:40  Probe (Chrono Boost)  
  96  6:41  Probe (Chrono Boost)  
  96  6:42  Probe (Chrono Boost)  
  96  6:46  Stalker x2  
  103  6:53  Stalker x3  
  109  7:04  Stalker  
  109  7:05  Probe (Chrono Boost)  
  109  7:07  Probe x2 (Chrono Boost)  
  114  7:10  Robotics Bay  
  114  7:12  Assimilator  
  114  7:13  Stalker x2  
  118  7:17  Assimilator  
  117  7:26  Stalker x3  

Tags
 
Add a new tag
Caveats
  • Supply blocks, unpowered buildings, or Contaminate may cause inaccurate times.
  • Supply counts are checked every 10 seconds.